 Dungeon Sprint DCSS version 0.28.0-49-g6dfe1f597d (webtiles) character file.

Game seed: 5611076775802981563

72415 Revguard the Victor of a Thousand Battles (level 15, -2/118 HPs)
             Began as a Demonspawn Gladiator on May 12, 2022.
             Was the Champion of Okawaru.
             Slain by a bone dragon (9 damage)
             ... in the Dungeon (Sprint V: "Ziggurat Sprint").
             The game lasted 00:38:04 (1773 turns).

Revguard the Victor of a Thousand Battles (DsGl)    Turns: 1773, Time: 00:38:06

Health: -2/118     AC: 46    Str: 24    XL:     15   Next: 1%
Magic:  0/23       EV: 21    Int:  9    God:    Okawaru [******]
Gold:   0          SH: 36    Dex: 25    Spells: 14/14 levels left

rFire   + + .      SeeInvis .   q - +7 Screaming Sword {vorpal, sonic wave}
rCold   + . .      Faith    .   M - +18 shield of the Gong {rElec rN+ Will+ EV-5}
rNeg    + . .      Spirit   +   L - +15 Maxwell's patent armour {-Cast -Tele rElec Will+ rCorr}
rPois   .          Reflect  .   B - +0 helmet of Prudence {Str+2}
rElec   +          Harm     .   C - +2 cloak {Will+}
rCorr   +          Rampage  +   (gloves unavailable)
Will    ++++.      Rage     1%  l - +2 pair of boots {rampage}
Stlth   .......... NoTele   +   N - amulet of Peace {Spirit rF++}
HPRegen 7.29/turn  NoCast   +   E - +6 ring of strength
MPRegen 0.18/turn               P - ring "Joillyhiox" {rElec rC+ EV+4 Dex+6}

@: lethally poisoned (-2 -> -2), heroic, finesse-ful, slowed, studying Stealth,
very slow
A: claws 3, powered by death 1, spiny 1, sharp scales 2, berserk 1, frail 1, low
MP 2, weak 1, no potion heal 1
a: Renounce Religion, Heroism, Finesse


You were in the Dungeon.
You worshipped Okawaru.
Okawaru was exalted by your worship.
You visited 1 branch

Inventory:

Hand Weapons
 q - the +7 Screaming Sword (weapon) {vorpal, sonic wave}
   (You found it in the Dungeon)

   It inflicts extra damage upon your enemies.
   It radiates damaging sonic waves as it strikes, especially in combat
   involving dangerous or numerous foes.
 J - the +5 sword of Power {vorpal}
   (You found it in the Dungeon)

   It inflicts extra damage upon your enemies.
   It occasionally discharges a powerful but inaccurate bolt of energy upon
   striking a foe, with increased chance the greater the wielder's current
   health.
 K - the +9 sword of Zonguldrok {reap}
   (You found it in the Dungeon)

   Any living foe damaged by it may be reanimated upon death as a zombie
   friendly to the wielder, with an increasing chance as more damage is dealt.
Missiles
 d - 3 throwing nets (quivered)
Armour
 l - a +2 pair of boots of rampaging (worn)
 m - +9 gold dragon scales
 B - the +0 helmet of Prudence (worn) {Str+2}
   (Okawaru gifted it to you in the Dungeon)

   Str:       It affects your strength (+2).
 C - a +2 cloak of willpower (worn)
 L - the +15 Maxwell's patent armour (worn) {-Cast -Tele rElec Will+ rCorr}
   (You found it in the Dungeon)

   rElec:     It insulates you from electricity.
   -Cast:     It prevents spellcasting.
   -Tele:     It prevents most forms of teleportation.
   rCorr:     It protects you from acid and corrosion.
   Will:      It increases your willpower.
 M - the +18 shield of the Gong (worn) {rElec rN+ Will+ EV-5}
   (You found it in the Dungeon)

   It is deafeningly noisy when blocking attacks.
   EV:        It affects your evasion (-5).
   rElec:     It insulates you from electricity.
   rN:        It protects you from negative energy.
   Will:      It increases your willpower.
Jewellery
 z - a ring of flight
 A - the ring "Nuahol" {Contam EV+4 Str+2 Int+2 Stlth+}
   (You found it in the Dungeon)

   [ring of evasion]

   EV:        It affects your evasion (+4).
   Str:       It affects your strength (+2).
   Int:       It affects your intelligence (+2).
   Contam:    It causes magical contamination when unequipped.
   Stlth:     It makes you more stealthy.
 E - a +6 ring of strength (left claw)
 N - the amulet of Peace (around neck) {Spirit rF++}
   (You found it in the Dungeon)

   [amulet of guardian spirit]

   It causes incoming damage to be divided between your reserves of health and
   magic.
   rF:        It greatly protects you from fire.
 P - the ring "Joillyhiox" (right claw) {rElec rC+ EV+4 Dex+6}
   (You found it in the Dungeon)

   [ring of evasion]

   EV:        It affects your evasion (+4).
   Dex:       It affects your dexterity (+6).
   rC:        It protects you from cold.
   rElec:     It insulates you from electricity.
Wands
 w - a wand of mindburst (6)
 x - a wand of iceblast (7)
 y - a wand of acid (3)
Scrolls
 b - 4 scrolls of enchant armour
 j - 4 scrolls of blinking
 s - 4 scrolls of amnesia
 t - 7 scrolls of fog
 u - 5 scrolls of identify
 v - 2 scrolls of fear
Potions
 e - 10 potions of curing
 f - 9 potions of heal wounds
 g - 6 potions of haste
 h - 7 potions of magic
 i - 3 potions of berserk rage
 n - 2 potions of brilliance
 o - 2 potions of invisibility
 p - a potion of resistance
 r - 7 potions of might
Miscellaneous
 a - a tin of tremorstones (2/2)
 I - a lightning rod (4/4)
 O - a condenser vane (inert)


   Skills:
 + Level 16.7(21.7) Fighting
 + Level 15.6(20.6) Long Blades
 + Level 14.4(19.4) Throwing
 + Level 15.5(20.5) Armour
 + Level 15.6(20.6) Dodging
 + Level 15.7(20.7) Shields
 + Level 21.0 Invocations
 + Level 15.4 Evocations


You had 14 spell levels left.
You didn't know any spells.
Your spell library contained the following spells:

 Spells                   Type           Power      Damage    Failure   Level
 Apportation              Tloc           0%         N/A       96%         1
 Sandblast                Erth           0%         2d4       96%         1
 Shock                    Conj/Air       0%         1d3       96%         1
 Sting                    Tmut/Pois      0%         1d3       96%         1
 Blink                    Tloc           0%         N/A       99%         2
 Corpse Rot               Necr/Air       0%         N/A       99%         2
 Ensorcelled Hibernation  Hex/Ice        0%         N/A       99%         2
 Passwall                 Tmut/Erth      0%         N/A       99%         2
 Poisonous Vapours        Pois/Air       0%         N/A       99%         2
 Sublimation of Blood     Necr           0%         N/A       99%         2
 Wereblood                Tmut           0%         N/A       99%         2
 Spider Form              Tmut/Pois      0%         N/A       100%        3
 Stone Arrow              Conj/Erth      0%         3d7       100%        3
 Swiftness                Air            0%         N/A       100%        3
 Anguish                  Hex/Necr       0%         N/A       100%        4
 Dispel Undead            Necr           0%         3d6       100%        4
 Fulminant Prism          Conj/Hex       0%         3d6       100%        4
 Hailstorm                Conj/Ice       0%         3d3       100%        4
 Ice Form                 Ice/Tmut       0%         N/A       100%        4
 Iskenderun's Mystic Bla  Conj/Tloc      0%         2d3       100%        4
 Olgreb's Toxic Radiance  Pois           0%         N/A       100%        4
 Passage of Golubria      Tloc           0%         N/A       100%        4
 Petrify                  Tmut/Erth      0%         N/A       100%        4
 Alistair's Intoxication  Tmut/Pois      0%         N/A       100%        5
 Borgnjor's Vile Clutch   Necr/Erth      0%         N/A       100%        5
 Irradiate                Conj/Tmut      0%         3d13      100%        5
 Lee's Rapid Deconstruct  Erth           0%         3d5*      100%        5
 Manifold Assault         Tloc           0%         N/A       100%        5
 Silence                  Hex/Air        0%         N/A       100%        5
 Conjure Ball Lightning   Conj/Air       0%         3x3d6     100%        6
 Eringya's Noxious Bog    Tmut/Pois      0%         N/A       100%        6
 Storm Form               Tmut/Air       0%         N/A       100%        7
 Disjunction              Tloc           0%         N/A       100%        8
 Lehudib's Crystal Spear  Conj/Erth      0%         10d2      100%        8
 Fire Storm               Conj/Fire      0%         5d1       100%        9
 Call Imp                 Summ           Unusable   N/A       N/A         2
 Tukima's Dance           Hex            Unusable   N/A       N/A         3
 Death Channel            Necr           Unusable   N/A       N/A         6
 Simulacrum               Ice/Necr       Unusable   N/A       N/A         6

Dungeon Overview and Level Annotations

Branches:
Dungeon (1/1)

Altars:
Ashenzari
Cheibriados
Dithmenos
Elyvilon
Fedhas
Gozag
Hepliaklqana
Kikubaaqudgha
Makhleb
Nemelex Xobeh
Okawaru
Qazlal
Ru
Sif Muna
Trog
Uskayaw
Vehumet
Wu Jian
Xom
Yredelemnul
Zin
The Shining One
Beogh
Jiyva
Lugonu


Innate Abilities, Weirdness & Mutations

You have claws for hands.
You regenerate a little health from kills.
You are partially covered in sharp spines.
You are mostly covered in razor-sharp scales. (AC +2, Slay +2)
You tend to lose your temper in combat.
You are frail. (-10% HP)
Your magical capacity is very low. (-20% MP)
You are weak. (Str -2)
Potions are less effective at restoring your health.


Message History

The ghoul seems to be corroded for longer.
You block the ghoul's attack.
GONNNNG!
You block the ghoul's attack.
PTOANNNG!
The shadow dragon is engulfed in acidic fog.
The shadow dragon seems to be corroded for longer.
You kill the shadow dragon!
Okawaru accepts your kill.
The shadow dragon scales are intact enough to wear.
The soul eater is engulfed in acidic fog.
The soul eater seems to be corroded for longer.
You kill the soul eater!
Okawaru accepts your kill. Okawaru grants you ammunition!
Something appears at your feet!
The putrid mouth is engulfed in acidic fog.
The soul eater is engulfed in acidic fog.
The soul eater draws from the surrounding life force!
* * * LOW HITPOINT WARNING * * *
The soul eater is healed.
The tainted leviathan is engulfed in acidic fog.
You block the tainted leviathan's attack.
GONNNNG!
You block the tainted leviathan's attack.
SHROANNG!
The ghoul is engulfed in acidic fog.
The ghoul is struck by your spines.
The ghoul claws you but does no damage. x2
The soul eater is engulfed in acidic fog.
The soul eater seems to be corroded for longer.
The soul eater draws from the surrounding life force!
* * * LOW HITPOINT WARNING * * *
The soul eater is healed.
The soul eater is engulfed in acidic fog.
The soul eater seems to be corroded for longer.
The bone dragon is engulfed in acidic fog.
The bone dragon seems to be corroded for longer.
The bone dragon bites you but does no damage.
The bone dragon claws you!
You die...

▓..).[)}}
..[|!)))})[)=..▓........
..||=:§§§§))!..▓........
...§..§§§§.....▓........
......§§§§§§...▓........
...§.§.§§§§§...▓......[.
...§○§§W3§§§...▓..▓.....
...§§§CD3§§§...▓.▓▓▓....
.....§n@n§.....▓..▓.....
.....§☼§3§.....▓........
...▓.......▓...▓......©.
. ▓▓.....▓▓ .▓▓▓▓▓▓▓▓▓
...▓.......▓...▓.....8©8
...............▓.}.[}.)|
.......©.......▓..)=:))|
▓▓▓▓▓▓▓▓▓▓▓▓▓▓▓▓....))})
▓.....)))


You could see a bone dragon (corroded), a tainted leviathan (corroded), 2
ghouls, a putrid mouth (corroded) and 3 soul eaters.

Vanquished Creatures
  4 royal mummies (D)
  An iron giant (D)
  A hellephant (D)
  2 searing wretches (D)
  7 ancient champions (D)
  A shadow dragon (D)
  9 fire giants (D)
  A quicksilver elemental (D)
  An iron dragon (D)
  2 frost giants (D)
  3 war gargoyles (D)
  2 very ugly things (D)
  A deep elf annihilator (D)
  2 blizzard demons (D)
  A mummy priest (D)
  5 salamander tyrants (D)
  3 hydras (D)
  2 spriggan air magi (D)
  2 ice dragons (D)
  4 dancing weapons (D)
  A death scarab (D)
  5 hell hogs (D)
  A death yak (D)
  2 spriggan berserkers (D)
  A thrashing horror (D)
  3 orc high priests (D)
  A soul eater (D)
  A goliath frog (shapeshifter) (D)
  2 orc knights (D)
  A deep elf pyromancer (D)
  2 shining eyes (D)
  An ugly thing (D)
  An orc sorcerer (D)
  A worldbinder (D)
  6 toenail golems (D)
  A guardian serpent (shapeshifter) (D)
  A black mamba (D)
  An apocalypse crab (D)
  A torpor snail (D)
  2 cane toads (D)
  4 tormentors (D)
  4 rime drakes (D)
  A komodo dragon (D)
  7 freezing wraiths (D)
  5 guardian mummies (D)
  3 trolls (D)
  A slime creature (D)
  2 polar bears (D)
  A blink frog (D)
  Sigmund (D)
  A dream sheep (D)
  An air elemental (D)
  2 yaks (D)
  A basilisk (D)
  A wyvern (D)
  3 golden eyes (D)
  3 neqoxecs (D)
  2 swamp worms (shapeshifter) (D)
  A warg (D)
  5 water moccasins (D)
  A floating eye (D)
  Duvessa (D)
  A hell hound (D)
  7 orc warriors (D)
  2 ice beasts (D)
  2 necrophages (D)
  3 ogres (D)
  A phantom (D)
  Blork the orc (D)
  A bullfrog (D)
  Dowan (D)
  A wight (D)
  A quasit (D)
  Crazy Yiuf (D)
  2 jellies (D)
  An iron imp (D)
  Jessica (D)
  A hell rat (D)
  5 mummies (D)
  An adder (D)
  3 shadow imps (D)
  A white imp (D)
  An ufetubus (D)
  3 adder skeletons (D)
  An adder zombie (D)
  4 bat skeletons (D)
  2 bat zombies (D)
  An endoplasm (D)
  A ball python (D)
  5 ball python skeletons (D)
  A ball python zombie (D)
  A giant cockroach zombie (D)
  2 jackal zombies (D)
  A quokka skeleton (D)
  A quokka zombie (D)
  A spectral ball python (D)
  2 creeping infernos (D)
  10 fire vortices (D)
214 creatures vanquished.

Vanquished Creatures (others)
  An ufetubus (D)
1 creature vanquished.

Grand Total: 215 creatures vanquished

Notes
Turn   | Place    | Note
-------+----------+-------------------------------------------
     0 | D        | Revguard the Demonspawn Gladiator began the quest for the
                  | Orb.
     0 | D        | Reached XP level 1. HP: 16/16 MP: 1/1
     0 | D        | Found a blossoming altar of Fedhas.
     0 | D        | Found the +6 Majin-Bo {vamp, MP+6 Int+6}
     0 | D        | Found the +9 heavy crossbow "Sniper" {vorpal, Acc+∞ SInv}
     0 | D        | Found the +10 dark maul {vorpal}
     0 | D        | Found the +15 Maxwell's patent armour {-Cast -Tele rElec
                  | Will+ rCorr}
     0 | D        | Found the +18 shield of the Gong {rElec rN+ Will+ EV-5}
     0 | D        | Found the +14 obsidian axe {vorpal, Mesm Drain Fly SInv}
     0 | D        | Found the +7 great mace "Firestarter" {inner flame, rF++}
     0 | D        | Found the +6 shillelagh "Devastator" {shatter}
     0 | D        | Found the +11 plutonium sword {Contam Stlth-}
     0 | D        | Found the +8 lance "Wyrmbane" {slay drac, rPois rF+ rC+
                  | AC+3}
     0 | D        | Found the +9 sword of Zonguldrok {reap}
     0 | D        | Found the +13 scythe of Curses {drain, Drain}
     0 | D        | Found the +5 sword of Power {vorpal}
     0 | D        | Found the +7 mace of Variability {chain chaos}
     0 | D        | Found the +7 Singing Sword {vorpal, sonic wave}
     0 | D        | Found the +8 storm bow {elec, penet}
     2 | D        | Banished a spatial maelstrom
    23 | D        | Found a shimmering blue altar of Sif Muna.
    23 | D        | Found a sacrificial altar of Ru.
    23 | D        | Found a bloodstained altar of Trog.
    23 | D        | Found a stormy altar of Qazlal.
    23 | D        | Found an iron altar of Okawaru.
    23 | D        | Found a sparkling altar of Nemelex Xobeh.
    25 | D        | Found a transporter.
    25 | D        | Found an ancient bone altar of Kikubaaqudgha.
    25 | D        | Found a viscous altar of Jiyva.
    25 | D        | Found a corrupted altar of Lugonu.
    25 | D        | Found a hazy altar of Hepliaklqana.
    25 | D        | Found a burning altar of Makhleb.
    25 | D        | Found an opulent altar of Gozag.
    69 | D        | Reached skill level 3 in Invocations
    69 | D        | Gained mutation: You have sharp fingernails. [demonic
                  | ancestry]
    69 | D        | Reached XP level 2. HP: 24/24 MP: 1/4
   139 | D        | Became a worshipper of Warmaster Okawaru
   201 | D        | Entered arena 2.
   201 | D        | Noticed a toenail golem
   201 | D        | Noticed a toenail golem
   201 | D        | Found a transporter.
   205 | D        | Killed a toenail golem
   205 | D        | Reached * piety under Okawaru
   205 | D        | Reached ** piety under Okawaru
   206 | D        | Reached skill level 5 in Fighting
   206 | D        | Reached skill level 5 in Long Blades
   206 | D        | Reached skill level 5 in Armour
   206 | D        | Reached skill level 5 in Dodging
   206 | D        | Reached skill level 5 in Shields
   206 | D        | Reached skill level 7 in Invocations
   206 | D        | Gained mutation: You are partially covered in sharp spines.
                  | [demonic ancestry]
   206 | D        | Reached XP level 3. HP: 32/34 MP: 5/8
   206 | D        | Gained mutation: You have very sharp fingernails. [demonic
                  | ancestry]
   206 | D        | Reached XP level 4. HP: 37/40 MP: 5/9
   206 | D        | Reached XP level 5. HP: 43/46 MP: 5/10
   206 | D        | Reached XP level 6. HP: 48/52 MP: 5/11
   208 | D        | Killed a toenail golem
   209 | D        | Reached skill level 8 in Invocations
   209 | D        | Reached XP level 7. HP: 56/59 MP: 5/13
   225 | D        | Entered arena 3.
   225 | D        | Noticed a golden eye
   225 | D        | Found a transporter.
   231 | D        | Killed a golden eye
   231 | D        | Reached *** piety under Okawaru
   236 | D        | Got the amulet of Peace {Spirit rF++}
   246 | D        | Entered arena 4.
   246 | D        | Noticed a toenail golem
   246 | D        | Noticed a toenail golem
   246 | D        | Noticed a toenail golem
   246 | D        | Noticed a toenail golem
   246 | D        | Found a transporter.
   250 | D        | Killed a toenail golem
   251 | D        | Reached skill level 9 in Invocations
   251 | D        | Gained mutation: You regenerate a little health from kills.
                  | [demonic ancestry]
   251 | D        | Reached XP level 8. HP: 65/67 MP: 8/14
   251 | D        | Killed a toenail golem
   251 | D        | Killed a toenail golem
   251 | D        | Killed a toenail golem
   251 | D        | Reached **** piety under Okawaru
   252 | D        | Reached skill level 10 in Invocations
   252 | D        | Gained mutation: You have claws for hands. [demonic
                  | ancestry]
   252 | D        | Reached XP level 9. HP: 73/75 MP: 8/16
   264 | D        | Entered arena 5.
   264 | D        | Found a transporter.
   276 | D        | Got the ring "Joillyhiox" {rElec rC+ EV+4 Dex+6}
   287 | D        | Entered arena 6.
   287 | D        | Found a transporter.
   289 | D        | Paralysed by a floating eye for 3 turns
   299 | D        | Reached skill level 11 in Invocations
   299 | D        | Reached skill level 5 in Evocations
   309 | D        | Got Dispater's Catalogue of Supportive Conjuration
   311 | D        | Entered arena 7.
   312 | D        | Found a transporter.
   327 | D        | Got the ring of Music {Str+2 Int+6 SInv Stlth+}
   332 | D        | Entered arena 8.
   332 | D        | Found the +8 longbow "Zephyr" {speed, Dex+3 SInv}
   332 | D        | Noticed Sigmund
   332 | D        | Noticed Jessica
   332 | D        | Noticed Blork the orc
   332 | D        | Noticed Crazy Yiuf
   332 | D        | Noticed Dowan
   332 | D        | Noticed Duvessa
   333 | D        | Found a transporter.
   336 | D        | Killed Jessica
   337 | D        | Killed Duvessa
   337 | D        | Killed Crazy Yiuf
   337 | D        | Killed Dowan
   337 | D        | Killed Blork the orc
   341 | D        | Killed Sigmund
   482 | D        | Entered arena 9.
   482 | D        | Noticed a +1 vampiric trident
   482 | D        | Noticed a deep elf annihilator
   482 | D        | Noticed a +5 dire flail of protection
   482 | D        | Noticed a deep elf pyromancer
   482 | D        | Noticed a +2 dire flail of protection
   482 | D        | Noticed a +3 trident of protection
   483 | D        | Found a transporter.
   489 | D        | Killed a +5 dire flail of protection
   489 | D        | Reached ***** piety under Okawaru
   489 | D        | Killed a +2 dire flail of protection
   489 | D        | Killed a +3 trident of protection
   489 | D        | Received a gift from Okawaru
   490 | D        | Reached skill level 10 in Fighting
   490 | D        | Reached skill level 12 in Invocations
   490 | D        | Reached XP level 10. HP: 83/85 MP: 10/19
   491 | D        | Killed a deep elf pyromancer
   495 | D        | Killed a deep elf annihilator
   496 | D        | Reached skill level 13 in Invocations
   501 | D        | Killed a +1 vampiric trident
   501 | D        | Reached ****** piety under Okawaru
   502 | D        | Reached skill level 10 in Dodging
   502 | D        | Reached skill level 10 in Shields
   544 | D        | Entered arena 10.
   545 | D        | Found a transporter.
   553 | D        | Reached skill level 10 in Long Blades
   562 | D        | Got the Handbook of Unstable Orientation
   572 | D        | Entered arena 11.
   572 | D        | Noticed a thrashing horror
   572 | D        | Noticed an apocalypse crab
   572 | D        | Noticed a worldbinder
   573 | D        | Found a transporter.
   574 | D        | Noticed a red very ugly thing
   576 | D        | Noticed a brown very ugly thing
   576 | D        | Killed a thrashing horror
   577 | D        | Reached skill level 10 in Armour
   577 | D        | Reached XP level 11. HP: 92/92 MP: 13/21
   587 | D        | Got the ring "Agawn" {rElec rPois EV+4 Str-3 Int+8}
   596 | D        | Entered arena 12.
   598 | D        | Found a transporter.
   611 | D        | Identified the +1 kite shield of the Sparrow {rC+ Str+3
                  | Int-3} (Okawaru gifted it to you in the Dungeon)
   611 | D        | Received a gift from Okawaru
   617 | D        | Reached skill level 14 in Invocations
   647 | D        | Entered arena 13.
   647 | D        | Noticed a hell hog
   647 | D        | Noticed a fire giant
   647 | D        | Noticed a fire giant
   647 | D        | Noticed a hell hog
   647 | D        | Noticed a searing wretch
   648 | D        | Noticed a salamander tyrant
   648 | D        | Noticed a fire giant
   648 | D        | Noticed a fire giant
   648 | D        | Found a transporter.
   653 | D        | Killed a salamander tyrant
   653 | D        | Killed a hell hog
   653 | D        | Killed a fire giant
   653 | D        | Killed a hell hog
   654 | D        | Killed a fire giant
   654 | D        | Killed a fire giant
   654 | D        | Killed a fire giant
   655 | D        | Reached skill level 15 in Invocations
   662 | D        | Killed a searing wretch
   662 | D        | Received a gift from Okawaru
   663 | D        | Reached skill level 10 in Evocations
   674 | D        | Got the ring of the Peculiar Deaths {rC- Int+6 SInv Stlth+}
   680 | D        | Got the Tome of the Feathery Compass
   720 | D        | Entered arena 14.
   721 | D        | Noticed a brown very ugly thing
   721 | D        | Noticed a shining eye
   721 | D        | Noticed a shining eye
   721 | D        | Noticed a green very ugly thing
   721 | D        | Noticed a purple ugly thing
   722 | D        | Noticed a shining eye
   722 | D        | Noticed a shining eye
   722 | D        | Noticed a lindwurm
   722 | D        | Found a transporter.
   722 | D        | a lindwurm changed into a faun
   722 | D        | a shining eye changed into a redback
   722 | D        | Gained mutation: You tend to lose your temper in combat. [a
                  | shining eye]
   723 | D        | Noticed an anaconda
   723 | D        | a shining eye changed into an anaconda
   723 | D        | Noticed a glowing orange brain
   723 | D        | a redback changed into a glowing orange brain
   726 | D        | Noticed an orb spider
   726 | D        | a glowing orange brain changed into an orb spider
   726 | D        | Gained mutation: Potions are less effective at restoring
                  | your health. [a neqoxec]
   727 | D        | Noticed a goliath frog
   727 | D        | an anaconda changed into a goliath frog
   727 | D        | an orb spider changed into a swamp worm
   728 | D        | Killed a goliath frog
   728 | D        | Killed a shining eye
   728 | D        | Received a gift from Okawaru
   728 | D        | Gained mutation: Your magical capacity is low. (-10% MP) [a
                  | neqoxec]
   729 | D        | Gained mutation: You are partially covered in razor-sharp
                  | scales. (AC +1, Slay +1) [demonic ancestry]
   729 | D        | Reached XP level 12. HP: 66/102 MP: 18/21
   729 | D        | Gained mutation: Your magical capacity is very low. (-20%
                  | MP) [a neqoxec]
   730 | D        | Gained mutation: You are weak. (Str -2) [a neqoxec]
   732 | D        | Gained mutation: You are frail. (-10% HP) [a shining eye]
   733 | D        | Killed a purple very ugly thing
   736 | D        | Killed a purple very ugly thing
   736 | D        | Received a gift from Okawaru
   737 | D        | Reached skill level 5 in Throwing
   809 | D        | Entered arena 15.
   810 | D        | Noticed an ancient champion
   810 | D        | Noticed a war gargoyle
   810 | D        | Noticed an ancient champion
   810 | D        | Noticed an ancient champion
   810 | D        | Noticed an ancient champion
   810 | D        | Noticed an ancient champion
   810 | D        | Found the +3 Mad Mage's Maulers {Infuse+∞ RegenMP Int-3}
   811 | D        | Noticed a quicksilver elemental
   811 | D        | Noticed an ancient champion
   811 | D        | Noticed an iron giant
   811 | D        | Noticed an iron dragon
   812 | D        | Noticed a war gargoyle
   812 | D        | Noticed a war gargoyle
   813 | D        | Noticed an ancient champion
   815 | D        | Killed a war gargoyle
   816 | D        | Reached skill level 16 in Invocations
   816 | D        | Killed a war gargoyle
   819 | D        | Killed a war gargoyle
   820 | D        | Killed a quicksilver elemental
   820 | D        | Killed an ancient champion
   821 | D        | Killed an ancient champion
   821 | D        | Identified the +5 long sword of Melee {pain, +Blink rC+
                  | Will- Dex+2} (Okawaru gifted it to you in the Dungeon)
   821 | D        | Received a gift from Okawaru
   821 | D        | Killed an ancient champion
   822 | D        | Killed an ancient champion
   822 | D        | Killed an ancient champion
   822 | D        | Killed an ancient champion
   822 | D        | Killed an ancient champion
   823 | D        | Reached skill level 17 in Invocations
   823 | D        | Gained mutation: You are mostly covered in razor-sharp
                  | scales. (AC +2, Slay +2) [demonic ancestry]
   823 | D        | Reached XP level 13. HP: 87/100 MP: 11/20
   823 | D        | Killed an iron dragon
   823 | D        | Identified the +0 helmet of Prudence {Str+2} (Okawaru
                  | gifted it to you in the Dungeon)
   823 | D        | Received a gift from Okawaru
   830 | D        | Killed an iron giant
   851 | D        | Found a transporter.
   859 | D        | Got the amulet of Impatience {RegenMP rN+}
   881 | D        | Entered arena 16.
   882 | D        | Found the +2 cloak of the Thief {*Fog Slay-2 SInv Stlth+}
   883 | D        | Identified the ring of a Million Queens {rElec rF+ rC++
                  | rCorr Stlth-}
   883 | D        | Found a transporter.
   890 | D        | Reached skill level 10 in Throwing
   891 | D        | Reached skill level 18 in Invocations
   949 | D        | Entered arena 17.
   952 | D        | Noticed a fire giant
   952 | D        | Noticed a fire giant
   952 | D        | Noticed a fire giant
   952 | D        | Noticed a searing wretch
   952 | D        | Noticed a hellephant
   953 | D        | Identified the ring of Loesuc {MP+9 AC+4 Dex+3}
   953 | D        | Noticed a fire giant
   953 | D        | Found a transporter.
   953 | D        | Noticed a fire giant
   963 | D        | Identified the +1 scale mail of Omission {Fly Will+ Int-5}
                  | (Okawaru gifted it to you in the Dungeon)
   963 | D        | Received a gift from Okawaru
   966 | D        | Killed a fire giant
   966 | D        | Killed a fire giant
   968 | D        | Killed a searing wretch
   970 | D        | Killed a fire giant
   971 | D        | Reached skill level 15 in Fighting
   971 | D        | Reached skill level 19 in Invocations
   973 | D        | Killed a fire giant
   974 | D        | Reached XP level 14. HP: 37/110 MP: 1/22
   976 | D        | Killed a fire giant
   994 | D        | Killed a hellephant
  1006 | D        | Got the ring of Nukk {Wiz Fly Stlth+}
  1101 | D        | Entered arena 18.
  1104 | D        | Noticed a royal mummy
  1105 | D        | Noticed a royal mummy
  1105 | D        | Noticed a royal mummy
  1105 | D        | Noticed a royal mummy
  1105 | D        | Found a transporter.
  1106 | D        | Noticed an emperor scorpion
  1106 | D        | Noticed an emperor scorpion
  1106 | D        | Noticed an emperor scorpion
  1106 | D        | Noticed an emperor scorpion
  1114 | D        | Noticed an emperor scorpion
  1115 | D        | Noticed an emperor scorpion
  1115 | D        | Noticed an emperor scorpion
  1116 | D        | Noticed an emperor scorpion
  1116 | D        | Noticed an emperor scorpion
  1116 | D        | Noticed an emperor scorpion
  1116 | D        | Noticed an emperor scorpion
  1116 | D        | Killed a royal mummy
  1118 | D        | HP: 5/110 [royal mummy/divine providence (9)]
  1118 | D        | Killed a royal mummy
  1118 | D        | Identified the +1 scale mail "Zeubisul" {Dex+4} (Okawaru
                  | gifted it to you in the Dungeon)
  1118 | D        | Received a gift from Okawaru
  1120 | D        | Killed a royal mummy
  1122 | D        | Noticed an emperor scorpion
  1122 | D        | HP: 2/111 [emperor scorpion[a royal mummy] (8)]
  1125 | D        | Killed a royal mummy
  1126 | D        | Reached skill level 15 in Shields
  1126 | D        | Reached skill level 20 in Invocations
  1513 | D        | Got the Incunabulum of the Igneous Oath
  1538 | D        | Entered arena 19.
  1544 | D        | Identified the +5 quarterstaff of Hiwang {protect, rElec
                  | Str+4 Int-4 Dex+9}
  1544 | D        | Found a transporter.
  1546 | D        | Reached skill level 15 in Long Blades
  1548 | D        | Reached skill level 15 in Dodging
  1549 | D        | Reached skill level 15 in Armour
  1619 | D        | Got the ring "Nuahol" {Contam EV+4 Str+2 Int+2 Stlth+}
  1643 | D        | Entered arena 20.
  1648 | D        | Noticed a frost giant
  1649 | D        | Found a transporter.
  1649 | D        | Noticed a frost giant
  1656 | D        | Reached skill level 15 in Evocations
  1658 | D        | Killed a frost giant
  1660 | D        | Killed a frost giant
  1660 | D        | Received a gift from Okawaru
  1661 | D        | Reached skill level 21 in Invocations
  1718 | D        | Got the ring "Qett" {rN+ Int+6 Dex+3 Stlth-}
  1721 | D        | Got the ring of Gaig {rF+ rC++}
  1759 | D        | Entered arena 21.
  1764 | D        | Noticed a bone dragon
  1764 | D        | Noticed a ghoul
  1764 | D        | Noticed a shadow dragon
  1764 | D        | Noticed a ghoul
  1764 | D        | Noticed a tainted leviathan
  1772 | D        | Reached XP level 15. HP: 39/118 MP: 2/23
  1773 | D        | Killed a shadow dragon
  1773 | D        | Received a gift from Okawaru
  1773 | D        | Slain by a bone dragon

Illustrated notes

Levels and vault maps discovered:
D:        sprint_v [room_start, room_1, room_2, room_3, room_4, room_5, room_6,
          room_7, room_8, room_9, room_10, room_11, room_12, room_13, room_14,
          room_15, room_16, room_17, room_18, room_19, room_20, room_21,
          room_22, room_23, room_24, room_25, room_26, room_27]

Skill      XL: |  1  2  3  4  5  6  7  8  9 10 11 12 13 14 |
---------------+-------------------------------------------+-----
Fighting       | 3 5 6 7 8 10 12 13 15 16 | 16.7
Long Blades    | 3 5 6 7 9 10 11 12 14 15 | 15.6
Armour         | 3 5 6 7 9 10 11 12 14 15 | 15.5
Dodging        | 3 5 6 7 9 10 11 12 14 15 | 15.6
Shields        | 3 5 6 7 8 9 10 11 13 14 15 | 15.7
Invocations    | 3 7 8 9 10 12 13 15 17 19 21 | 21.0
Evocations     | 2 4 7 8 10 12 13 15 | 15.4
Throwing       | 3 9 12 14 | 14.4

Action                   |  1- 3 |  4- 6 |  7- 9 | 10-12 | 13-15 || total
-------------------------+-------+-------+-------+-------+-------++-------
Melee: Double sword      |     3 |     3 |    32 |    69 |    74 ||   181
Invok: Heroism           |       |       |     2 |     4 |     5 ||    11
       Finesse           |       |       |     1 |     4 |     5 ||    10
Evoke: Wand              |     1 |       |       |       |     4 ||     5
       Condenser vane    |       |       |     1 |     2 |     5 ||     8
       Tin of tremorston |       |       |       |     2 |     7 ||     9
  Use: Potion            |     1 |       |       |     1 |    11 ||    13
       Scroll            |       |       |     4 |       |       ||     4
Armor: Plate armour      |     2 |     1 |    20 |    12 |   163 ||   198
Dodge: Dodged            |       |       |    17 |    15 |   130 ||   162
Block: Kite shield       |     5 |     2 |    55 |   101 |   228 ||   391
